 Dungeon Sprint DCSS version 0.17-a0-1174-ge06b3cc (webtiles) character file.

1131 nuthulu the Basher (level 8, -4/102 HPs)
             Began as an Ogre Berserker on May 29, 2015.
             Was an Elder of Trog.
             Slain by a demonic crawler (10 damage)
             ... in the Dungeon (Sprint I: "Red Sonja").
             The game lasted 00:02:04 (993 turns).

nuthulu the Basher (Ogre Berserker)                  Turns: 993, Time: 00:02:04

Health: -4/102     AC:  3    Str: 24    XL:     8   Next: 36%
Magic:  8/8        EV: 13    Int:  6    God:    Trog [****..]
Gold:   210        SH:  0    Dex: 10    Spells: 0 memorised, 7 levels left

rFire  . . .     SeeInvis .     k - +0 giant club
rCold  . . .     Clarity  .     b - +0 animal skin
rNeg   . . .     SustAt   .     (no shield)
rPois  .         Gourm    .     (helmet restricted)
rElec  .         Spirit   .     (no cloak)
rCorr  .         Warding  .     (gloves unavailable)
rMut   .         NoTele   +     (boots unavailable)
MR     .....                    (no amulet)
Stlth  +.........               (no ring)
                                (no ring)

@: not resistant to hostile enchantments, very unstealthy
A: unfitting armour, tough skin 1
a: Burn Spellbooks, Berserk, Trog's Hand, Brothers in Arms, Renounce Religion


You were in the Dungeon.
You worshipped Trog.
Trog was greatly pleased with you.
You were not hungry.

You visited 1 branch You collected 270 gold pieces.
You spent 60 gold pieces at shops.

Inventory:

Hand weapons
 a - a +0 mace
 k - a +0 giant club (weapon)
Armour
 b - a +0 animal skin (worn)
Scrolls
 i - a scroll of blinking
Potions
 d - a potion of curing
 e - 2 potions of heal wounds
 f - a potion of haste
 g - 2 potions of magic
 h - a potion of berserk rage
 l - a potion of ambrosia {unknown}


   Skills:
 * Level 13.6 Fighting
 * Level 13.9 Maces & Flails
 * Level 9.6 Dodging
 + Level 0.1 Stealth


You had 7 spell levels left.
You didn't know any spells.

Dungeon Overview and Level Annotations

Branches:
Dungeon (1/1)

Altars:
Cheibriados
Dithmenos
Elyvilon
Fedhas
Gozag
Kikubaaqudgha
Makhleb
Nemelex Xobeh
Okawaru
Qazlal
Ru
Sif Muna
Trog
Vehumet
Xom
Yredelemnul
Zin
The Shining One
Jiyva

Shops:
D !


Innate Abilities, Weirdness & Mutations

You are too large for most types of armour.
You have tough skin (AC +1).


Message History

The demonic crawler hits you but does no damage. x2
The demonic crawler closely misses you. The demonic crawler hits you!
The demonic crawler hits you.
There is an open door here.
Use which ability? (? or * to list)
You fail to use your ability.
The demonic crawler misses you. The demonic crawler hits you! x3
* * * LOW HITPOINT WARNING * * *
The demonic crawler barely misses you. The demonic crawler hits you!
* * * LOW HITPOINT WARNING * * *
Unknown command.
There is a blossoming altar of Fedhas here.
Use which ability? (? or * to list)
You fail to use your ability.
The demonic crawler closely misses you. The demonic crawler hits you!
* * * LOW HITPOINT WARNING * * *
The demonic crawler misses you. The demonic crawler hits you.
* * * LOW HITPOINT WARNING * * *
The demonic crawler barely misses you. The demonic crawler hits you!
You die...

#########################
<.#..'..#..'..#_@#..')..#
..').#..').#..'..ss.#)..##+#
..#####'#####'#__####...'..#
..####..# #(#### #####..+
..#__#### ##|# ##
..#_..__##+#..+
⌠⌠#_.∩...'..._#
###_..._##_.#'#
#_____###+#.#


You could see 2 demonic crawlers.

Vanquished Creatures
  2 kobold demonologists (D)
  A slime creature (D)
  A yak (D)
  Sigmund (D)
  An ogre (D)
  A jelly (D)
  Ijyb (D)
  A giant eyeball (D)
9 creatures vanquished.

Notes
Turn   | Place    | Note
--------------------------------------------------------------
     0 | D        | nuthulu the Ogre Berserker began the quest for the Orb.
     0 | D        | Reached XP level 1. HP: 24/24 MP: 1/1
     1 | D        | Noticed Ijyb
    15 | D        | Killed Ijyb
    15 | D        | Reached skill level 6 in Fighting
    15 | D        | Reached XP level 2. HP: 19/36 MP: 2/2
    15 | D        | Reached XP level 3. HP: 23/44 MP: 3/3
   143 | D        | Noticed an ogre
   150 | D        | Killed an ogre
   150 | D        | Acquired Trog's second power
   150 | D        | Reached skill level 8 in Fighting
   150 | D        | Reached skill level 5 in Dodging
   150 | D        | Reached XP level 4. HP: 27/57 MP: 4/4
   316 | D        | Noticed Sigmund
   324 | D        | Killed Sigmund
   324 | D        | Reached skill level 10 in Fighting
   324 | D        | Reached skill level 10 in Maces & Flails
   324 | D        | Reached XP level 5. HP: 70/70 MP: 5/5
   324 | D        | Reached XP level 6. HP: 79/79 MP: 6/6
   534 | D        | Found a deep blue altar of Sif Muna.
   535 | D        | Noticed a jelly
   536 | D        | Found a radiant altar of Vehumet.
   540 | D        | Killed a jelly
   552 | D        | Found Ececril's Distillery.
   552 | D        | Found a white marble altar of Elyvilon.
   552 | D        | Found a burning altar of Makhleb.
   552 | D        | Found a sacrificial altar of Ru.
   552 | D        | Found a glowing golden altar of the Shining One.
   552 | D        | Found an opulent altar of Gozag.
   552 | D        | Found a glowing silver altar of Zin.
   552 | D        | Noticed a yak
   557 | D        | Killed a yak
   557 | D        | Reached skill level 11 in Fighting
   557 | D        | Reached XP level 7. HP: 65/89 MP: 7/7
   558 | D        | Found a stormy altar of Qazlal.
   558 | D        | Found a basalt altar of Yredelemnul.
   558 | D        | Found an iron altar of Okawaru.
   558 | D        | Found a sparkling altar of Nemelex Xobeh.
   558 | D        | Found a shimmering altar of Xom.
   558 | D        | Found an ancient bone altar of Kikubaaqudgha.
   621 | D        | Found a bloodstained altar of Trog.
   625 | D        | Bought a potion of heal wounds for 60 gold pieces
   663 | D        | Found a viscous altar of Jiyva.
   663 | D        | Found a blossoming altar of Fedhas.
   663 | D        | Noticed a slime creature
   664 | D        | Found a snail-covered altar of Cheibriados.
   664 | D        | Found a shadowy altar of Dithmenos.
   668 | D        | Killed a slime creature
   668 | D        | Reached skill level 12 in Fighting
   873 | D        | Noticed a kobold demonologist
   873 | D        | Paralysed by a giant eyeball for 2 turns
   874 | D        | Noticed a kobold demonologist
   876 | D        | Noticed a rust devil
   878 | D        | Noticed an ice devil
   878 | D        | Noticed a red devil
   879 | D        | Noticed an ice devil
   888 | D        | Killed a kobold demonologist
   888 | D        | Acquired Trog's third power
   888 | D        | Reached skill level 13 in Fighting
   888 | D        | Reached XP level 8. HP: 102/102 MP: 8/8
   889 | D        | Noticed a smoke demon
   891 | D        | Killed a kobold demonologist
   981 | D        | Noticed a demonic crawler
   981 | D        | Noticed a demonic crawler
   981 | D        | Noticed a demonic crawler
   981 | D        | Noticed a demonic crawler
   993 | D        | Slain by a demonic crawler

Vault maps used:
D:        dungeon_sprint_1

Action                   |  1- 3 |  4- 6 |  7- 9 || total
-------------------------+-------+-------+-------++-------
Melee: Mace              |    20 |       |       ||    20
       Giant club        |       |    13 |    18 ||    31
Invok: Berserk           |       |     1 |     1 ||     2
  Use: Scroll            |       |       |     1 ||     1
  Eat: Bread ration      |       |       |     1 ||     1
